Map: Ruins of Endion

Players

HiddenScroll

  • Race: Terran Terran
  • League: Master

Miszu - Winner!

  • Race: Terran Terran
  • League: Master

VOD

Have the link to the VOD?

Description

Time

  • Played on: June 20, 2016, 11:01 a.m.
  • Length: 9:41
Show
View Real Time Build Order
Export as new Build Order

HiddenScroll Terran 

Build Orders: Reaper Expand 

Get SALT Encoding   

  12  0:07  SCV  
  13  0:19  SCV  
  14  0:23  Supply Depot  
  14  0:31  SCV  
  15  0:45  SCV  
  15  0:46  Barracks  
  16  0:50  Refinery  
  16  0:57  SCV  
  17  1:09  SCV  
  18  1:21  SCV  
  19  1:34  Reaper, Orbital Command  
  20  1:48  Command Center  
  20  1:56  Supply Depot  
  20  1:59  SCV  
  21  2:06  Marine  
  22  2:11  SCV  
  23  2:20  Factory  
  23  2:24  SCV  
  23  2:25  Refinery  
  23  2:29  Barracks Reactor  
  24  2:36  SCV  
  24  2:48  SCV  
  25  2:58  Bunker  
  25  3:00  SCV, Orbital Command  
  25  3:04  Hellion  
  28  3:06  Marine  
  28  3:07  Starport  
  28  3:08  Marine  
  30  3:21  Orbital Command  
  30  3:22  SCV  
  30  3:24  Marine  
  30  3:26  Marine  
  33  3:33  Hellion  
  35  3:37  Supply Depot  
  35  3:38  SCV  
  36  3:41  Marine  
  36  3:43  Medivac  
  36  3:44  Marine  
  40  3:49  SCV  
  40  3:50  SCV  
  40  3:55  Supply Depot  
  38  4:05  Marine  
  30  4:11  SCV  
  30  4:16  Viking  
  33  4:17  SCV  
  31  4:25  SCV  
  31  4:29  SCV  
  33  4:37  SCV  
  33  4:41  SCV  
  34  4:49  SCV  
  35  4:53  SCV  
  36  5:01  SCV  
  36  5:02  Factory Tech Lab  
  36  5:04  Viking, Marine  
  36  5:05  Marine, SCV  
  42  5:14  SCV  
  42  5:20  SCV  
  43  5:22  Marine  
  43  5:23  Marine  
  43  5:24  Siege Tank  
  43  5:26  SCV  
  49  5:32  SCV  
  48  5:38  SCV  
  48  5:40  Marine  
  48  5:41  Marine  
  48  5:44  SCV  
  47  5:50  SCV  
  47  5:57  SCV  
  48  5:58  Marine  
  48  5:59  Marine  
  48  6:02  SCV  
  51  6:09  SCV  
  52  6:14  SCV  
  52  6:16  Marine  
  52  6:17  Siege Tank  
  57  6:20  Engineering Bay  
  57  6:26  SCV x2  
  57  6:32  Supply Depot  
  55  6:48  SCV  
  55  6:51  SCV  
  57  6:55  Siege Tank  
  57  7:00  SCV  
  61  7:03  SCV  
  61  7:08  Missile Turret  
  62  7:09  Missile Turret  
  62  7:10  Terran Infantry Weapons Level 1  
  62  7:12  SCV  
  62  7:15  SCV  
  64  7:20  Barracks Tech Lab  
  64  7:27  SCV  
  64  7:29  Supply Depot x2  
  65  7:36  Siege Tank  
  68  7:41  Marine  
  68  7:42  Medivac  
  69  7:45  Barracks  
  58  7:59  Marine  
  58  8:00  SCV x2  
  61  8:12  Command Center, SCV  
  62  8:13  SCV  
  62  8:17  Marine  
  62  8:18  Starport Reactor  
  64  8:21  Missile Turret  
  64  8:22  Barracks  
  64  8:24  SCV  
  64  8:25  SCV  
  60  8:37  SCV x2  
  56  8:46  Marine x2  
  58  8:49  SCV x2  
  58  8:50  Marine  
  58  8:54  Refinery  
  58  8:55  Refinery  
  61  9:01  SCV x2  
  66  9:03  Marine  
  66  9:04  Marine  
  66  9:06  Supply Depot  
  66  9:07  Marine  
  68  9:13  SCV x2  
  65  9:21  Marine x2  
Show
View Real Time Build Order
Export as new Build Order

Miszu Terran - Winner!

Build Orders: 1/1/1, MMM Bio 

Get SALT Encoding   

  12  0:01  SCV  
  13  0:13  SCV  
  14  0:18  Supply Depot  
  14  0:25  SCV  
  15  0:40  SCV  
  15  0:41  Barracks  
  16  0:48  Refinery  
  16  0:51  Refinery  
  16  0:54  SCV  
  17  1:08  SCV  
  19  1:30  Marine  
  19  1:32  Orbital Command  
  19  1:34  Factory  
  19  1:39  Supply Depot  
  19  1:48  Marine  
  20  1:57  SCV  
  21  2:05  Marine  
  22  2:11  SCV  
  23  2:18  Starport  
  23  2:20  Hellion  
  25  2:23  SCV  
  26  2:37  Supply Depot  
  26  2:41  Hellion  
  28  2:44  Marine  
  28  2:45  SCV  
  30  2:59  Medivac, SCV  
  30  3:00  Supply Depot  
  30  3:02  Marine  
  36  3:05  Hellion  
  36  3:20  Barracks Tech Lab  
  36  3:37  Command Center  
  36  3:41  SCV  
  37  3:44  Barracks Reactor  
  32  4:12  SCV  
  32  4:13  Banshee  
  32  4:15  Cloaking Field  
  32  4:16  Factory Tech Lab  
  34  4:24  Marine x2, SCV  
  37  4:33  Supply Depot  
  37  4:38  Barracks x2  
  37  4:43  Siege Tank  
  40  4:47  SCV  
  40  4:50  Orbital Command  
  41  4:59  SCV  
  42  5:05  Banshee  
  45  5:07  Marine  
  45  5:11  SCV  
  47  5:15  SCV  
  47  5:19  Marine  
  49  5:23  SCV  
  49  5:25  Marine  
  49  5:26  Barracks Tech Lab, Siege Tank  
  49  5:27  SCV  
  53  5:35  SCV  
  53  5:40  Marine  
  53  5:41  Barracks Tech Lab  
  53  5:48  Marine  
  51  5:55  Banshee  
  54  5:58  SCV  
  54  6:01  SCV  
  55  6:07  Marine x2  
  55  6:08  Stimpack  
  55  6:10  SCV  
  54  6:13  SCV  
  55  6:20  Siege Tank  
  55  6:21  Marine, Combat Shields  
  55  6:24  SCV  
  61  6:25  SCV  
  61  6:29  Engineering Bay  
  61  6:36  SCV  
  61  6:37  SCV  
  63  6:46  Marine x2  
  65  6:57  SCV x2  
  65  6:59  Barracks Reactor  
  67  7:02  Refinery x2  
  67  7:04  Marine  
  66  7:08  Barracks  
  66  7:09  SCV x2  
  66  7:10  Medivac, Barracks  
  70  7:18  Terran Infantry Weapons Level 1  
  70  7:21  SCV  
  70  7:25  Supply Depot, Medivac, SCV  
  70  7:26  Supply Depot x2  
  73  7:30  Marine x2  
  73  7:31  Siege Tank  
  78  7:47  Medivac, SCV x2  
  74  7:59  SCV x2  
  74  8:00  Marine  
  74  8:01  Marine x3  
  74  8:04  Barracks Reactor x2  
  77  8:07  Siege Tank  
  77  8:11  SCV  
  81  8:18  Marine  
  81  8:19  Marine x3  
  75  8:36  Marine x2  
  75  8:37  Marine x2  
  76  8:43  Marine  
  76  8:45  Marine  
  76  8:46  Marine x2  
  75  8:54  Marine x4  
  79  9:00  Marine  
  80  9:03  Marine  
  80  9:04  Marine x2  
  80  9:06  Medivac, Siege Tank  
  80  9:07  Medivac  
  80  9:08  Command Center  
  90  9:12  Marine x4  
  90  9:13  Supply Depot  
  90  9:14  Supply Depot  
  94  9:18  Marine  
Tags
 
Composition
MMM Bio
Matchup
TvT
Player
Miszu
Race
Terran
Add a new tag
Caveats
  • Supply blocks, unpowered buildings, or Contaminate may cause inaccurate times.
  • Supply counts are checked every 10 seconds.